 Dungeon Crawl Stone Soup version 0.25.0-9-g26727b657a (webtiles) character file.

Game seed: 9315687223554441649

590093 HungrySpirit the Brawler (level 27, -3/223 HPs)
             Began as a Gnoll Assassin on June 16, 2020.
             Killed from afar by an orb of fire (9 damage)
             ... with a bolt of fire
             ... on level 5 of the Realm of Zot on June 17, 2020.
             The game lasted 03:21:21 (67533 turns).

HungrySpirit the Brawler (Gnoll Assassin)          Turns: 67533, Time: 03:21:21

Health: -3/223     AC: 40    Str: 23    XL:     27
Magic:  30/39      EV: 27    Int: 16    God:
Gold:   7601       SH: 20    Dex: 18    Spells: 4/60 levels left

rFire    + + +     SeeInvis .   N - +3 Elemental Staff {rElec rF++ rC++ MR++ AC+5}
rCold    + + +     Gourm    .   g - +5 kite shield {reflect}
rNeg     + + .     Faith    .   (armour currently unavailable)
rPois    ∞         Spirit   .   M - +0 helmet of Dyspraxia {rCorr Dex+2 Slay+5}
rElec    +         Reflect  +   L - +2 cloak "Hoaheru" {rF+ Int+3}
rCorr    +         Harm     .   (gloves currently unavailable)
MR       +++++     Clarity  +   (boots currently unavailable)
Stlth    ++++++++..             X - amulet of the Four Winds {rN+ MR+++ Clar}
HPRegen  0.87/turn              y - ring of Waawn {MR+ Str+3 Int-2 Slay+3 Stlth+}
MPRegen  0.26/turn              k - ring of Futtad {Wiz rF+ rC+ Dex-2}

@: about to teleport, statue-form, death's door cooldown, very slow
A: distributed training, fangs 1, berserk 1, dopey 2, frail 2, low mp 1,
regeneration 1, screaming 1, no potion heal 1, subdued magic 1, MP-powered
wands, strong nose
}: 3/15 runes: decaying, slimy, gossamer
a: End Transformation


You were on level 5 of the Realm of Zot.
You were not hungry.
You were a stone statue.
You visited 10 branches of the dungeon, and saw 53 of its levels.
You visited the Abyss 1 time.
You also visited: Trove, Sewer, Ice Cave and Wizlab.

You collected 10531 gold pieces.
You spent 2930 gold pieces at shops.

Inventory:

Hand Weapons
 N - the +3 Elemental Staff (weapon) {rElec rF++ rC++ MR++ AC+5}
   (You found it in a treasure trove)

   It affects your AC (+5).
   It greatly protects you from fire.
   It greatly protects you from cold.
   It insulates you from electricity.
   It affects your resistance to hostile enchantments.
Missiles
 V - 5 throwing nets (quivered)
Armour
 g - a +5 kite shield of reflection (worn)
 I - a +2 pair of boots (melded)
 L - the +2 cloak "Hoaheru" (worn) {rF+ Int+3}
   (You found it on level 9 of the Dungeon)

   It affects your intelligence (+3).
   It protects you from fire.
 M - the +0 helmet of Dyspraxia (worn) {rCorr Dex+2 Slay+5}
   (You bought it in a shop on level 1 of the Elven Halls)

   It affects your dexterity (+2).
   It affects your accuracy and damage with ranged weapons and melee attacks
   (+5).
   It provides partial protection from all sources of acid and corrosion.
 Q - the +6 leather armour of Space (melded) {Regen+ rCorr Dex+5}
   (You bought it in a shop on level 2 of the Orcish Mines)

   It affects your dexterity (+5).
   It increases your rate of regeneration.
   It provides partial protection from all sources of acid and corrosion.
 W - the +2 pair of gloves "Qoux Moo" (melded) {MR+ Regen+ Int+4 Dex+4}
   (You took it off Nikola on level 2 of the Spider Nest)

   It affects your intelligence (+4).
   It affects your dexterity (+4).
   It affects your resistance to hostile enchantments.
   It increases your rate of regeneration.
Magical Staves
 H - an uncursed staff of energy
Jewellery
 c - an uncursed ring of ice
 k - the ring of Futtad (right hand) {Wiz rF+ rC+ Dex-2}
   (You acquired it on level 2 of the Spider Nest)

   [ring of wizardry]

   It improves your spell success rate.
   It affects your dexterity (-2).
   It protects you from fire.
   It protects you from cold.
 p - an uncursed ring of protection from magic
 y - the ring of Waawn (left hand) {MR+ Str+3 Int-2 Slay+3 Stlth+}
   (You found it on level 2 of the Lair of Beasts)

   [ring of stealth]

   It affects your strength (+3).
   It affects your intelligence (-2).
   It affects your accuracy and damage with ranged weapons and melee attacks
   (+3).
   It affects your resistance to hostile enchantments.
   It makes you more stealthy.
 C - an uncursed amulet of magic regeneration
 U - an uncursed ring of resist corrosion
 X - the amulet of the Four Winds (around neck) {rN+ MR+++ Clar}
   (You bought it in a shop on level 2 of the Vaults)

   [amulet of nothing]

   It protects you from negative energy.
   It affects your resistance to hostile enchantments.
   It protects you against confusion.
 Y - an uncursed amulet of regeneration
Wands
 a - a wand of acid (25)
 e - a wand of paralysis (9)
 q - a wand of digging (18)
 G - a wand of iceblast (9)
Scrolls
 b - 25 scrolls of remove curse
 i - a scroll of brand weapon
 j - 7 scrolls of fog
 l - 21 scrolls of teleportation
 n - 5 scrolls of magic mapping
 o - 12 scrolls of fear
 u - 5 scrolls of blinking
 v - 3 scrolls of enchant weapon
 w - 17 scrolls of identify
 B - 5 scrolls of amnesia
 P - a scroll of silence
 T - 4 scrolls of enchant armour
Potions
 d - 5 potions of berserk rage
 h - 17 potions of curing
 m - 7 potions of stabbing
 r - 13 potions of magic
 s - 7 potions of might
 x - 7 potions of flight
 z - 3 potions of cancellation
 A - 2 potions of resistance
 D - 12 potions of lignification
 F - 6 potions of brilliance
 J - a potion of haste
 K - 3 potions of mutation
 S - 6 potions of heal wounds
 Z - 8 potions of ambrosia
Miscellaneous
 t - 5 boxes of beasts
 E - a lightning rod (4/4)
 R - a tin of tremorstones (3/3)
Comestibles
 f - 40 rations


   Skills:
 + Level 17.7 Fighting
 + Level 17.7 Short Blades
 + Level 17.3 Long Blades
 + Level 17.3 Axes
 + Level 17.3 Maces & Flails
 + Level 17.3 Polearms
 + Level 17.3 Staves
 + Level 17.3 Slings
 + Level 17.3 Bows
 + Level 17.3 Crossbows
 + Level 17.7 Throwing
 + Level 17.3 Armour
 + Level 17.4 Dodging
 + Level 18.5 Stealth
 + Level 17.3 Shields
 + Level 18.9 Unarmed Combat
 + Level 17.3 Spellcasting
 + Level 14.9 Conjurations
 + Level 14.9 Hexes
 + Level 14.9 Charms
 + Level 14.9 Summonings
 + Level 14.9 Necromancy
 + Level 14.9 Translocations
 + Level 14.9 Transmutations
 + Level 14.9 Fire Magic
 + Level 14.9 Ice Magic
 + Level 14.9 Air Magic
 + Level 14.9 Earth Magic
 + Level 14.9 Poison Magic
 + Level 18.6 Invocations
 + Level 17.3 Evocations


You had 4 spell levels left.
You knew the following spells:

 Your Spells              Type           Power        Failure   Level  Hunger
a - Olgreb's Toxic Radia  Pois           #####...     1%          4    None
b - Ignite Poison         Fire/Tmut/Pois ######..     0%          3    None
c - Statue Form           Tmut/Erth      ######...    1%          6    #####..
d - Mephitic Cloud        Conj/Pois/Air  ######..     0%          3    None
e - Apportation           Tloc           #####.       0%          1    None
f - Iron Shot             Conj/Erth      ######....   1%          6    #####..
g - Freezing Cloud        Conj/Ice/Air   #######...   1%          6    #####..
h - Spellforged Servitor  Conj/Summ      #####.....   2%          7    #######
i - Malign Gateway        Summ/Tloc      #####.....   2%          7    #######
j - Summon Forest         Summ/Tloc      #####.....   1%          5    ####...
k - Death's Door          Chrm/Necr      #####.....   21%         8    #######

Your spell library contained the following spells:

 Spells                   Type           Power        Failure   Level  Hunger
 Animate Skeleton         Necr           N/A          0%          1    None
 Beastly Appendage        Tmut           #####.       0%          1    None
 Corona                   Hex            #####..      0%          1    None
 Foxfire                  Conj/Fire      ####         0%          1    None
 Magic Dart               Conj           ####         0%          1    None
 Sandblast                Erth           ######       0%          1    None
 Shock                    Conj/Air       ####         0%          1    None
 Sting                    Tmut/Pois      ####         0%          1    None
 Summon Butterflies       Summ           #####...     0%          1    None
 Summon Small Mammal      Summ           ####         0%          1    None
 Blink                    Tloc           N/A          0%          2    None
 Call Imp                 Summ           #####...     0%          2    None
 Corpse Rot               Necr/Air       N/A          0%          2    None
 Ensorcelled Hibernation  Hex/Ice        ######       0%          2    None
 Passwall                 Tmut/Erth      ######..     0%          2    None
 Poisonous Vapours        Pois/Air       ######       0%          2    None
 Searing Ray              Conj           #####.       0%          2    None
 Slow                     Hex            #####...     0%          2    None
 Sticks to Snakes         Tmut           #####...     0%          2    None
 Sublimation of Blood     Necr           #####.....   0%          2    None
 Swiftness                Chrm/Air       ######..     0%          2    None
 Call Canine Familiar     Summ           #####...     0%          3    None
 Confusing Touch          Hex            #####...     0%          3    None
 Conjure Flame            Conj/Fire      ######..     0%          3    None
 Dazzling Flash           Conj/Hex       #####.       0%          3    None
 Gell's Gravitas          Tloc           #####.....   0%          3    None
 Inner Flame              Hex/Fire       ######..     0%          3    None
 Ozocubu's Armour         Chrm/Ice       ######..     0%          3    None
 Portal Projectile        Hex/Tloc       #####.       0%          3    None
 Recall                   Summ/Tloc      N/A          0%          3    None
 Spectral Weapon          Hex/Chrm       #####...     0%          3    None
 Spider Form              Tmut/Pois      #####.....   0%          3    None
 Static Discharge         Conj/Air       ######..     0%          3    None
 Stone Arrow              Conj/Erth      ######       0%          3    None
 Summon Guardian Golem    Hex/Summ       #####...     0%          3    None
 Tukima's Dance           Hex            #####...     0%          3    None
 Airstrike                Air            ######....   1%          4    None
 Animate Dead             Necr           N/A          1%          4    None
 Cause Fear               Hex            #####.....   1%          4    None
 Dispel Undead            Necr           #####...     1%          4    None
 Fulminant Prism          Conj/Hex       #####.....   1%          4    None
 Ice Form                 Ice/Tmut       ######..     1%          4    None
 Iskenderun's Mystic Bla  Conj/Tloc      #####...     1%          4    None
 Leda's Liquefaction      Hex/Erth       ######....   1%          4    None
 Petrify                  Tmut/Erth      ######..     1%          4    None
 Sticky Flame             Conj/Fire      ######..     1%          4    None
 Summon Ice Beast         Ice/Summ       ######..     1%          4    None
 Summon Lightning Spire   Summ/Air       ######..     1%          4    None
 Agony                    Necr           #####...     1%          5    ####...
 Aura of Abjuration       Summ           #####.....   1%          5    ####...
 Blade Hands              Tmut           #####.....   1%          5    ####...
 Bolt of Magma            Conj/Fire/Erth #######...   1%          5    ####...
 Borgnjor's Vile Clutch   Necr/Erth      ######....   1%          5    ####...
 Excruciating Wounds      Chrm/Necr      #####.....   1%          5    ####...
 Fireball                 Conj/Fire      ######....   1%          5    ####...
 Lee's Rapid Deconstruct  Erth           ######....   1%          5    ####...
 Lightning Bolt           Conj/Air       ######....   1%          5    ####...
 Metabolic Englaciation   Hex/Ice        ######....   1%          5    ####...
 Summon Mana Viper        Hex/Summ       #####...     1%          5    ####...
 Yara's Violent Unravell  Hex/Tmut       #####.....   1%          5    ####...
 Death Channel            Necr           #####.....   1%          6    #####..
 Dispersal                Tloc           #####.....   1%          6    #####..
 Hydra Form               Tmut           #####.....   1%          6    #####..
 Ozocubu's Refrigeration  Ice            ######....   1%          6    #####..
 Simulacrum               Ice/Necr       ######....   1%          6    #####..
 Starburst                Conj/Fire      ######....   1%          6    #####..
 Haunt                    Necr/Summ      #####.....   2%          7    #######
 Summon Hydra             Summ           #####.....   2%          7    #######
 Borgnjor's Revivificati  Necr           #####.....   21%         8    #######
 Controlled Blink         Tloc           N/A          21%         8    #######
 Infestation              Necr           #####.....   21%         8    #######
 Necromutation            Tmut/Necr      #####.....   21%         8    #######
 Shatter                  Erth           ######....   96%         9    #######


Dungeon Overview and Level Annotations

Branches:
Dungeon (15/15)            Temple (0/1) D:7            Lair (6/6) D:10
  Swamp (4/4) Lair:2       Spider (4/4) Lair:4        Slime (5/5) Lair:6
    Orc (2/2) D:11            Elf (3/3) Orc:2        Vaults (4/5) D:14
  Crypt (0/3) Vaults:2     Depths (5/5) D:15            Zot (5/5) Depths:5
  Sewer (visited)           IceCv (visited)          WizLab (visited)

Altars:
Gozag
Makhleb
Nemelex Xobeh
Okawaru
Qazlal
Ru
Sif Muna
Trog
Uskayaw
Wu Jian
Xom
The Shining One
Beogh
Jiyva
Lugonu

Shops:
Orc:2 *!?*   Elf:1 [   Vaults:1 %   Vaults:2 =   Vaults:4 *   Depths:2 [
Depths:3 %[*   Depths:4 [*(

Portals:
Hell: Depths:1 Depths:2 Depths:3 Depths:4
Abyss: Depths:1 Depths:2 Depths:3 Depths:4 Depths:5
Pandemonium: Depths:3
Ziggurat: Depths:5

Annotations:
Slime:2 exclusion: upstairs
Depths:1 3 runed translucent doors
Depths:4 exclusion: orange crystal statue
Zot:2 exclusion: upstairs
Zot:4 exclusion: upstairs
Zot:5 1 runed translucent door, exclusion: upstairs, Dominolapin's ghost, legendary BaIE


Innate Abilities, Weirdness & Mutations

Your experience applies equally to all skills.
You have very sharp teeth.
Your uncanny sense of smell can sniff out nearby items.
You tend to lose your temper in combat.
You are very dopey. (Int -4)
You are very frail. (-20% HP)
Your magical capacity is low. (-10% MP)
Your natural rate of healing is unusually fast.
You occasionally shout uncontrollably at your foes.
Potions are less effective at restoring your health.
Your spells are a little easier to cast, but a little less powerful.
You expend magic power (3 MP) to strengthen your wands.


Message History

The green draconian annihilator splashes around in the water.
You block the eldritch tentacle's attack. x2
The orb of fire glows red.
The bolt of fire hits you! You resist.
Unknown command.
You closely miss the orb of fire.
The orb of fire is heavily damaged.
The portal closes; the eldritch tentacle is severed.
The eldritch tentacle slaps the orb of fire!!
The orb of fire is destroyed!
You block the green draconian annihilator's attack.
The green draconian annihilator splashes around in the water.
Unknown command.
You hit the orb of fire. Your bite misses the orb of fire.
The orb of fire is heavily damaged.
Your life is in your own hands again!
The eldritch tentacle writhes!
The orb of fire emits a lurid red light.
The bolt of fire hits you! You resist.
You die...

≈≈.≈≈.#≈.≈#.### #..........#
..............###♣###.......##.#
≈≈.≈≈.###.....#♣.....#####...#.#
#≈.≈≈.........#....♣.♣♣#####.#.##
......###.....#.♣≈≈≈.......#.#...
...#)## #.....♣≈..≈§≈≈♣###.#.###.
...#.# #.###.#≈≈≈≈≈§≈#<...#.# *#
...#)####.###.#≈.≈≈...♣.#..#.# *
.###.##.....#..*8q≈≈..#.#..#.# .#
#.##.......#*)♣*.....#..#.# .#
#..'.....###q.w...#.....#.#
.###..#.....##.......♣.......####
......................♣........⌠.
.###..####*###♣.♣.##.......######
.......).......d#.##.......#
.###.#####.##.....♣#....#### ##
#.....#......####....#


You could see 2 orbs of fire, a green draconian, a green draconian shifter, a
green draconian annihilator (very poisoned) and a neutral eldritch tentacle.

Vanquished Creatures
  the Royal Jelly (Slime:5)
  An orb of fire (Zot:5)
  2 juggernauts
  Mennas (Vaults:3)
  Sojobo (Vaults:4)
  A Killer Klown (Zot:5)
  Xtahua (Vaults:3)
  Saint Roka (Vaults:3)
  the Lernaean hydra (Swamp:4)
  2 curse toes (Zot:2)
  A caustic shrike (Depths:2)
  5 golden dragons
  the Enchantress (Depths:5)
  Nikola (Spider:2)
  An electric golem (Zot:3)
  2 liches
  13 tentacled monstrosities
  2 deep elf blademasters (Elf:3)
  5 Orb Guardians (Zot:5)
  3 titans
  A quicksilver dragon (Zot:3)
  The ghost of Daghilat the Bludgeoner, an adept MiBe of Trog (Spider:2)
  Agnes (D:14)
  22 acid blobs
  Gastronok (Lair:1)
  A tentacled starspawn (Abyss:2)
  3 sphinxes
  5 death cobs (Zot:2)
  An ancient champion (Vaults:2)
  2 deep elf master archers (Elf:3)
  Donald (Orc:1)
  A thorn hunter (Swamp:4)
  A shadow dragon (Zot:3)
  2 storm dragons
  Roxanne (Swamp:2)
  7 draconian monks
  4 fire giants
  7 tengu reavers
  10 azure jellies
  6 ghost moths
  A ghost moth (shapeshifter) (Depths:3)
  4 draconian knights
  15 vault wardens
  6 frost giants
  Aizul (Swamp:3)
  An iron dragon (Depths:2)
  3 draconian scorchers
  5 emperor scorpions
  7 deep elf sorcerers
  A draconian shifter (Zot:3)
  5 deep elf elementalists (Elf:3)
  A draconian stormcaller (Zot:3)
  Louise (Spider:2)
  5 spriggan defenders
  13 ironheart preservers
  9 entropy weavers
  2 draconian annihilators (Zot:3)
  2 juggernaut skeletons (Depths:3)
  4 grey draconians (Zot:1)
  13 stone giants
  25 very ugly things
  13 vampire knights
  5 black draconians
  14 yellow draconians
  A deep elf annihilator (Elf:3)
  A green draconian (Zot:5)
  10 deep elf demonologists
  4 purple draconians
  7 red draconians
  6 white draconians
  The ghost of Wemm the Imperceptible, a journeyman SpEn of Gozag (D:13)
  8 spark wasps
  8 ettins
  A crystal guardian (Vaults:3)
  8 deep elf death magi
  2 deep elf high priests (Elf:3)
  The ghost of HungrySpirit the Fighter, a journeyman OpVM of Vehumet (Lair:2)
  8 fire dragons
  4 death oozes
  11 yaktaur captains
  11 vault guards
  3 ice dragons
  13 great orbs of eyes
  2 shambling mangroves
  8 spriggan air magi
  22 hydras
  4 rakshasas
  The ghost of Bauqient the Spear-Bearer, a journeyman MfSu of Sif Muna (Lair:1)
  2 ghost crabs
  9 centaur warriors
  32 two-headed ogres
  12 ogre magi
  6 deep troll earth magi
  18 dancing weapons
  4 death yaks
  A queen ant (Spider:2)
  2 vampire magi
  4 deep troll shamans (Depths:4)
  13 alligators
  2 thrashing horrors (Abyss:2)
  3 tengu warriors
  14 spriggan berserkers
  21 hell knights
  A shock serpent (shapeshifter) (Vaults:3)
  16 deep elf knights
  A small abomination (Vaults:2)
  Sonja (Lair:1)
  The ghost of xccam the Cleaver, a novice MiBe of Trog (D:6)
  8 skeletal warriors
  2 titan skeletons
  A salamander mystic (Depths:1)
  5 unseen horrors
  27 deep trolls
  3 iron trolls
  12 swamp dragons
  3 flayed ghosts
  3 glowing orange brains
  2 spriggan druids
  6 wizards
  2 lindwurms (Lair:6)
  7 necromancers
  A golden dragon skeleton (Depths:3)
  9 deep elf archers
  7 orc knights
  4 harpies (Vaults:2)
  8 ironbrand convokers
  5 phantasmal warriors
  25 orb spiders
  45 wolf spiders
  61 deep elf magi
  2 stone giant zombies
  4 shining eyes
  3 orc sorcerers
  12 oklob plants
  A salamander (shapeshifter) (Elf:2)
  47 ugly things
  2 manticores
  An elephant (shapeshifter) (Vaults:1)
  15 moths of wrath
  3 salamanders (Depths:2)
  11 cyclopes
  2 guardian serpents (shapeshifter)
  16 vault sentinels
  4 centaur zombies
  7 black mambas
  A frost giant skeleton (Depths:2)
  An apocalypse crab (WizLab)
  An ice statue (IceCv)
  An eye of devastation (Slime:5)
  A gargoyle (D:15)
  A centaur skeleton (D:14)
  5 torpor snails (Lair:6)
  3 guardian serpents
  15 spiny frogs
  Maggie (D:7)
  6 rime drakes
  11 demonic crawlers
  2 kobold demonologists
  4 komodo dragons
  45 yaktaurs
  A spark wasp simulacrum (Depths:3)
  An ancient zyme (Abyss:2)
  4 freezing wraiths
  4 tengu conjurers
  An entropy weaver simulacrum (Vaults:2)
  17 trolls
  45 jumping spiders
  A troll (shapeshifter) (Depths:2)
  12 tyrant leeches
  A wolf spider simulacrum (D:14)
  8 hippogriffs
  36 hornets
  20 polar bears
  A spectral dream sheep (Lair:2)
  4 bog bodies
  3 dream sheep (Lair:4)
  14 blink frogs
  76 slime creatures
  A spriggan zombie (Depths:2)
  2 shadows
  An air elemental (WizLab)
  A centaur simulacrum (D:15)
  A meliai zombie (D:15)
  A spriggan (shapeshifter) (Vaults:4)
  11 water elementals
  83 redbacks
  A fire elemental (Elf:2)
  21 spriggans
  38 tarantellas
  6 wyverns
  55 yaks
  A spectral komodo dragon (Lair:1)
  A basilisk (Lair:2)
  Grum (D:8)
  8 hungry ghosts
  A golden eye (shapeshifter) (Vaults:2)
  3 golden eyes
  12 vampire mosquitoes
  A death yak simulacrum (Lair:2)
  A steam dragon (D:10)
  A swamp worm (shapeshifter) (Depths:2)
  5 wargs
  19 water moccasins
  3 hydra simulacra
  4 soldier ants
  13 swamp worms
  9 insubstantial wisps (Swamp:3)
  Duvessa (D:4)
  2 acid dragons
  2 soldier ants (shapeshifter)
  2 large abominations (Abyss:2)
  A floating eye (Depths:3)
  11 swamp drakes
  2 ice beasts
  7 porcupines
  26 orc warriors
  3 sky beasts
  A black bear (shapeshifter) (Vaults:1)
  3 black bears
  A black mamba simulacrum (Lair:1)
  2 phantoms
  3 human zombies
  3 necrophages
  An ettin simulacrum (Vaults:3)
  56 ogres
  6 eyes of draining
  15 boggarts
  28 wolves
  13 centaurs
  5 big kobolds
  8 crocodiles
  14 bullfrogs
  An earth elemental (Elf:1)
  2 gnoll sergeants (D:11)
  A spiny frog simulacrum (Lair:2)
  Dowan (D:4)
  8 scorpions
  7 killer bees
  3 wights (D:10)
  9 electric eels
  6 howler monkeys
  2 bullfrog zombies
  11 crimson imps
  13 jellies
  2 quasits
  A komodo dragon simulacrum (Lair:1)
  16 orc priests
  A bullfrog skeleton (D:9)
  11 hounds
  An iron imp (Depths:1)
  18 orc wizards
  Jessica (D:2)
  Terence (D:2)
  5 iguanas
  16 worker ants
  A killer bee zombie (D:6)
  A killer bee simulacrum (D:6)
  A worker ant zombie (D:6)
  10 adders
  8 gnolls
  2 river rats (Sewer)
  7 shadow imps
  3 oozes
  An adder zombie (D:6)
  3 adder skeletons
  5 worms
  3 dart slugs
  7 leopard geckos
  81 orcs
  13 ball pythons
  2 bats
  10 giant cockroaches
  12 goblins
  7 hobgoblins
  9 jackals
  8 kobolds
  5 quokkas
  9 frilled lizards
  A jackal skeleton (D:6)
  2 quokka skeletons
  28 rats
  A briar patch (Swamp:4)
  A bush (Lair:3)
  A crawling corpse (Vaults:2)
  2 fungi
  2 plants
2215 creatures vanquished.

Vanquished Creatures (collateral kills)
  An orb of fire (Zot:5)
  An ancient lich (Zot:5)
  A Killer Klown (Zot:3)
  2 curse toes
  2 golden dragons
  An electric golem (Zot:2)
  4 tentacled monstrosities
  An Orb Guardian (Zot:5)
  2 quicksilver dragons
  3 death cobs (Zot:2)
  3 acid blobs
  A shadow dragon (Zot:2)
  A fire giant (Depths:5)
  2 storm dragons
  An azure jelly (Slime:5)
  A draconian shifter (Zot:5)
  3 draconian scorchers
  3 draconian annihilators
  A spriggan defender (Depths:5)
  A grey draconian (Zot:2)
  A black draconian (Zot:5)
  2 vampire knights (Depths:5)
  2 green draconians
  A purple draconian (Depths:5)
  A white draconian (Zot:5)
  3 yellow draconians
  A spark wasp (Depths:4)
  An ettin (Zot:3)
  2 death oozes (Slime:5)
  A fire dragon (Depths:5)
  A great orb of eyes (Slime:5)
  A deep troll shaman (Depths:5)
  2 death yaks (Lair:3)
  A deep troll earth mage (Depths:5)
  An iron troll (Depths:4)
  A deep troll (Depths:5)
  A shining eye (Slime:4)
  A draconian (Zot:2)
  2 moths of wrath
  A spiny frog (Lair:4)
  A tengu conjurer (Depths:4)
  A hornet (Depths:5)
  3 blink frogs (Lair:3)
  3 dream sheep (Lair:4)
  A slime creature (Depths:4)
  A shapeshifter (Slime:4)
  A spriggan (Depths:5)
  3 jellies (Zot:3)
76 creatures vanquished.

Vanquished Creatures (others)
  An orb of fire (Zot:5)
  31 eldritch tentacles
  2 deep elf knights
  A hornet (Swamp:4)
  A spriggan (Depths:5)
  A tarantella (Spider:4)
  A centaur (D:13)
  2 wolves (IceCv)
  An orc wizard (D:12)
  A kobold (D:13)
  3 fungi
  30 plants
  2 snaplasher vines (Zot:2)
  2 starspawn tentacles (Abyss:2)
79 creatures vanquished.

Grand Total: 2370 creatures vanquished

Notes
Turn   | Place    | Note
-------+----------+-------------------------------------------
     0 | D:1      | HungrySpirit the Gnoll Assassin began the quest for the
                  | Orb.
     0 | D:1      | Reached XP level 1. HP: 20/20 MP: 1/1
    99 | D:1      | Reached XP level 2. HP: 20/26 MP: 2/2
  1056 | D:2      | Reached XP level 3. HP: 30/31 MP: 3/3
  1458 | D:2      | Reached skill level 1 in Invocations
  1612 | D:2      | Noticed Terence
  1624 | D:2      | Killed Terence
  1624 | D:2      | Reached skill level 1 in Long Blades
  1624 | D:2      | Reached skill level 1 in Axes
  1624 | D:2      | Reached skill level 1 in Maces & Flails
  1624 | D:2      | Reached skill level 1 in Polearms
  1624 | D:2      | Reached skill level 1 in Staves
  1624 | D:2      | Reached skill level 1 in Slings
  1624 | D:2      | Reached skill level 1 in Bows
  1624 | D:2      | Reached skill level 1 in Crossbows
  1624 | D:2      | Reached skill level 1 in Armour
  1624 | D:2      | Reached skill level 1 in Shields
  1624 | D:2      | Reached skill level 1 in Unarmed Combat
  1624 | D:2      | Reached skill level 1 in Spellcasting
  1624 | D:2      | Reached skill level 1 in Evocations
  1624 | D:2      | Reached XP level 4. HP: 37/38 MP: 5/5
  1637 | D:2      | Noticed Jessica
  1643 | D:2      | Killed Jessica
  1643 | D:2      | Reached skill level 1 in Conjurations
  1643 | D:2      | Reached skill level 1 in Hexes
  1643 | D:2      | Reached skill level 1 in Charms
  1643 | D:2      | Reached skill level 1 in Summonings
  1643 | D:2      | Reached skill level 1 in Necromancy
  1643 | D:2      | Reached skill level 1 in Translocations
  1643 | D:2      | Reached skill level 1 in Transmutations
  1643 | D:2      | Reached skill level 1 in Fire Magic
  1643 | D:2      | Reached skill level 1 in Ice Magic
  1643 | D:2      | Reached skill level 1 in Air Magic
  1643 | D:2      | Reached skill level 1 in Earth Magic
  1643 | D:2      | Reached skill level 1 in Poison Magic
  1948 | D:3      | Found a glowing drain.
  1979 | Sewer    | Entered a sewer
  2057 | Sewer    | Reached XP level 5. HP: 39/43 MP: 6/6
  2651 | Sewer    | Reached XP level 6. HP: 34/50 MP: 8/8
  2656 | Sewer    | Reached skill level 5 in Fighting
  2656 | Sewer    | Reached skill level 5 in Short Blades
  2656 | Sewer    | Reached skill level 5 in Throwing
  3230 | D:3      | Found an ornate altar of the Wu Jian Council.
  3322 | D:3      | Found a sparkling altar of Nemelex Xobeh.
  3761 | D:4      | Reached XP level 7. HP: 52/56 MP: 10/10
  4124 | D:4      | Noticed Duvessa
  4422 | D:4      | Killed Duvessa
  4452 | D:4      | Noticed Dowan
  4708 | D:4      | Killed Dowan
  4841 | D:4      | Found a burning altar of Makhleb.
  4868 | D:5      | Entered Level 5 of the Dungeon
  4944 | D:5      | Found an iron altar of Okawaru.
  4978 | D:5      | Found a bloodstained altar of Trog.
  5268 | D:5      | Reached XP level 8. HP: 60/63 MP: 12/12
  5713 | D:6      | Found a transporter.
  5718 | D:6      | Noticed xccam's ghost (novice MiBe)
  5720 | D:6      | Found a transporter.
  6351 | D:6      | Found a shimmering altar of Xom.
  7065 | D:7      | Found a staircase to the Ecumenical Temple.
  7150 | D:7      | Reached XP level 9. HP: 47/69 MP: 14/14
  7334 | D:7      | Found a shimmering blue altar of Sif Muna.
  7541 | D:7      | Noticed Maggie
  7561 | D:7      | Killed Maggie
  7561 | D:7      | Reached skill level 5 in Dodging
  8031 | D:7      | Found a stormy altar of Qazlal.
  8032 | D:7      | Found a sacrificial altar of Ru.
  8638 | D:8      | Found a hide-covered altar of Uskayaw.
  8690 | D:8      | Reached skill level 5 in Invocations
  8749 | D:8      | Noticed a hornet
  8756 | D:8      | Killed a hornet
  8825 | D:8      | Reached XP level 10. HP: 77/77 MP: 15/17
  9019 | D:8      | Noticed a two-headed ogre
  9028 | D:8      | Killed a two-headed ogre
  9028 | D:8      | Reached skill level 5 in Long Blades
  9028 | D:8      | Reached skill level 5 in Axes
  9028 | D:8      | Reached skill level 5 in Maces & Flails
  9028 | D:8      | Reached skill level 5 in Polearms
  9028 | D:8      | Reached skill level 5 in Staves
  9028 | D:8      | Reached skill level 5 in Slings
  9028 | D:8      | Reached skill level 5 in Bows
  9028 | D:8      | Reached skill level 5 in Crossbows
  9028 | D:8      | Reached skill level 5 in Armour
  9028 | D:8      | Reached skill level 5 in Shields
  9028 | D:8      | Reached skill level 5 in Unarmed Combat
  9028 | D:8      | Reached skill level 5 in Spellcasting
  9028 | D:8      | Reached skill level 5 in Evocations
  9042 | D:8      | Noticed Grum
  9060 | D:8      | Killed Grum
 10117 | D:9      | Got a polished cloak
 10118 | D:9      | Identified the +2 cloak "Hoaheru" {rF+ Int+3} (You found it
                  | on level 9 of the Dungeon)
 10391 | D:9      | Noticed a centaur warrior
 10392 | D:9      | Noticed a seven-headed hydra
 10479 | D:9      | Killed a seven-headed hydra
 10776 | D:9      | Killed a centaur warrior
 10925 | D:10     | Entered Level 10 of the Dungeon
 10938 | D:10     | Reached XP level 11. HP: 84/84 MP: 19/19
 10996 | D:10     | Killed an unseen horror
 11302 | D:10     | Reached skill level 5 in Conjurations
 11302 | D:10     | Reached skill level 5 in Hexes
 11302 | D:10     | Reached skill level 5 in Charms
 11302 | D:10     | Reached skill level 5 in Summonings
 11302 | D:10     | Reached skill level 5 in Necromancy
 11302 | D:10     | Reached skill level 5 in Translocations
 11302 | D:10     | Reached skill level 5 in Transmutations
 11302 | D:10     | Reached skill level 5 in Fire Magic
 11302 | D:10     | Reached skill level 5 in Ice Magic
 11302 | D:10     | Reached skill level 5 in Air Magic
 11302 | D:10     | Reached skill level 5 in Earth Magic
 11302 | D:10     | Reached skill level 5 in Poison Magic
 11488 | D:10     | Found a staircase to the Lair.
 11560 | D:10     | Found a portal to a secret trove of treasure.
 11702 | D:10     | Reached skill level 10 in Stealth
 11761 | D:9      | Got an iridescent demon blade
 11762 | D:9      | Identified the +6 demon blade "Ukoymp" {freeze, Int+4} (You
                  | found it on level 9 of the Dungeon)
 11804 | D:10     | You paid a toll of a +6 demon blade to enter a treasure
                  | trove
 11805 | Trove    | Entered a treasure trove
 11808 | Trove    | Found the +3 Elemental Staff {rElec rF++ rC++ MR++ AC+5}
 11817 | Trove    | Got a dazzling quick blade
 11836 | D:10     | Identified the +5 quick blade of Salt {elec, *Rage rElec
                  | rF++ rC+} (You found it in a treasure trove)
 12004 | D:11     | Noticed a cyclops
 12111 | Lair:1   | Entered Level 1 of the Lair of Beasts
 12303 | Lair:1   | Noticed Gastronok
 12323 | Lair:1   | Killed Gastronok
 12667 | Lair:1   | Noticed Sonja
 12678 | Lair:1   | Killed Sonja
 12678 | Lair:1   | Reached XP level 12. HP: 66/93 MP: 22/22
 13162 | Lair:1   | Found a runed translucent gate.
 13184 | Lair:1   | Found a runed translucent gate.
 13186 | Lair:1   | Found a runed translucent gate.
 13187 | Lair:1   | Noticed Bauqient's ghost (journeyman MfSu)
 13488 | Lair:1   | Learned a level 4 spell: Olgreb's Toxic Radiance
 13492 | Lair:1   | Learned a level 3 spell: Ignite Poison
 13548 | Lair:2   | Found a staircase to the Swamp.
 13577 | Lair:2   | Got a twisted hand axe
 13626 | Lair:2   | You fall into a shaft and drop 1 floor!
 13784 | Lair:3   | Noticed a death yak
 13784 | Lair:3   | Noticed a death yak
 13784 | Lair:3   | Noticed a death yak
 13785 | Lair:3   | Noticed a death yak
 13801 | Lair:3   | Killed a death yak
 13803 | Lair:3   | Killed a death yak
 13805 | Lair:3   | Killed a death yak
 13808 | Lair:3   | Killed a death yak
 14037 | Lair:3   | Noticed a six-headed hydra
 14128 | Lair:3   | Noticed a four-headed hydra
 14138 | Lair:3   | Killed a four-headed hydra
 14498 | Lair:2   | Found a runed translucent gate.
 14498 | Lair:2   | Found a runed translucent gate.
 14498 | Lair:2   | Found a runed translucent gate.
 14500 | Lair:2   | Noticed HungrySpirit's ghost (journeyman OpVM)
 15306 | Lair:3   | Learned a level 1 spell: Apportation
 15310 | Lair:3   | Learned a level 3 spell: Mephitic Cloud
 15493 | Lair:3   | Noticed a six-headed hydra
 15502 | Lair:3   | Killed a six-headed hydra
 15524 | Lair:3   | Killed a six-headed hydra
 16127 | Lair:4   | Found a hole to the Spider Nest.
 16262 | Lair:4   | Identified the cursed +2 hand axe "Onaext" {holy, rElec
                  | Int+7 Dex-3} (You found it on level 2 of the Lair of
                  | Beasts)
 16339 | Lair:4   | Reached XP level 13. HP: 62/101 MP: 24/24
 17550 | Lair:5   | You fall into a shaft and drop 1 floor!
 17550 | Lair:6   | Entered Level 6 of the Lair of Beasts
 17845 | Lair:5   | Got an ivory scythe
 19298 | D:11     | Got a fine morningstar
 19412 | D:11     | Found a staircase to the Orcish Mines.
 19778 | Orc:1    | Entered Level 1 of the Orcish Mines
 20031 | Orc:2    | Entered Level 2 of the Orcish Mines
 20037 | Orc:2    | Noticed Donald
 20163 | Orc:1    | Killed Donald
 20684 | D:12     | Reached XP level 14. HP: 109/109 MP: 26/26
 20715 | D:12     | Found a frozen archway.
 20770 | IceCv    | Entered an ice cave
 21171 | IceCv    | Reached skill level 10 in Fighting
 21171 | IceCv    | Reached skill level 10 in Short Blades
 21171 | IceCv    | Reached skill level 10 in Throwing
 21683 | IceCv    | Noticed a frost giant
 21703 | IceCv    | Killed a frost giant
 22203 | D:12     | Reached skill level 10 in Invocations
 22225 | D:12     | Found a glowing golden altar of the Shining One.
 22693 | D:13     | Found a runed translucent door.
 22697 | D:13     | Noticed Wemm's ghost (journeyman SpEn)
 22821 | D:13     | Reached skill level 10 in Unarmed Combat
 23679 | D:13     | Found a roughly hewn altar of Beogh.
 24861 | Orc:2    | Reached XP level 15. HP: 89/117 MP: 7/28
 24861 | Orc:2    | Reached skill level 10 in Dodging
 26576 | Orc:2    | Found Loxzunnidu's General Store.
 26578 | Orc:2    | Found Nawabbuj's Magic Scroll Shop.
 26586 | Orc:2    | Found Zoesk's Distillery.
 26587 | Orc:2    | Found Joziforr's Assorted Antiques.
 26600 | Orc:2    | Bought a crude leather armour for 224 gold pieces
 26600 | Orc:2    | Bought a potion of heal wounds for 160 gold pieces
 26600 | Orc:2    | Bought a metal-bound book for 480 gold pieces
 26600 | Orc:2    | Bought a potion of curing for 96 gold pieces
 26615 | Orc:2    | Found a staircase to the Elven Halls.
 27310 | Orc:2    | Identified the +6 leather armour of Space {Regen+ rCorr
                  | Dex+5} (You bought it in a shop on level 2 of the Orcish
                  | Mines)
 27526 | D:14     | Noticed Agnes
 27537 | D:14     | Killed Agnes
 27633 | D:14     | Identified the Incunabulum of Axaxaxas mlö
 27648 | D:14     | Identified the Compendium of Plaster Cramp
 27659 | D:14     | Learned a level 6 spell: Statue Form
 27666 | D:14     | Learned a level 6 spell: Iron Shot
 27670 | D:14     | Identified the Compendium of Dhcmrlchtdj
 28141 | D:14     | Reached skill level 10 in Long Blades
 28141 | D:14     | Reached skill level 10 in Axes
 28141 | D:14     | Reached skill level 10 in Maces & Flails
 28141 | D:14     | Reached skill level 10 in Polearms
 28141 | D:14     | Reached skill level 10 in Staves
 28141 | D:14     | Reached skill level 10 in Slings
 28141 | D:14     | Reached skill level 10 in Bows
 28141 | D:14     | Reached skill level 10 in Crossbows
 28141 | D:14     | Reached skill level 10 in Armour
 28141 | D:14     | Reached skill level 10 in Shields
 28141 | D:14     | Reached skill level 10 in Spellcasting
 28141 | D:14     | Reached skill level 10 in Evocations
 28181 | D:14     | Found a gate to the Vaults.
 28433 | D:15     | Entered Level 15 of the Dungeon
 28907 | D:15     | Learned a level 6 spell: Freezing Cloud
 29030 | D:15     | Found a staircase to the Depths.
 29422 | D:8      | Got a distressingly furry leather armour
 29423 | D:8      | Identified the +1 leather armour of Riust {-Tele rCorr
                  | SInv} (You found it on level 8 of the Dungeon)
 29426 | D:8      | Identified the +10 scythe of Doom {freeze, +Rage} (You
                  | found it on level 5 of the Lair of Beasts)
 29427 | D:8      | Identified the +4 morningstar of the Glimmering Stork
                  | {protect, Dex+6} (You found it on level 11 of the Dungeon)
 29685 | D:6      | Killed xccam's ghost
 29920 | Lair:1   | Killed Bauqient's ghost
 30041 | Lair:1   | Reached XP level 16. HP: 125/125 MP: 30/30
 30189 | Lair:2   | Killed HungrySpirit's ghost
 30232 | Lair:2   | Got a fine platinum ring
 30235 | Lair:2   | Identified the ring of Waawn {MR+ Str+3 Int-2 Slay+3
                  | Stlth+} (You found it on level 2 of the Lair of Beasts)
 30843 | D:13     | Killed Wemm's ghost
 30970 | Depths:1 | Entered Level 1 of the Depths
 31270 | Depths:1 | Found a one-way gate to the infinite horrors of the Abyss.
 31484 | Depths:1 | Found a magical portal.
 31493 | WizLab   | Entered The Chambers of the Cloud Mage
 31504 | WizLab   | Paralysed by you for 4 turns
 31665 | D:15     | Learned a level 4 spell: Ice Form
 31890 | Swamp:1  | Entered Level 1 of the Swamp
 32085 | Spider:1 | Entered Level 1 of the Spider Nest
 33025 | Spider:2 | Identified the +2 pair of gloves "Qoux Moo" {MR+ Regen+
                  | Int+4 Dex+4}
 33025 | Spider:2 | Noticed Nikola
 33043 | Spider:2 | Killed Nikola
 33156 | Spider:2 | Found a runed translucent gate.
 33157 | Spider:2 | Found a runed translucent gate.
 33158 | Spider:2 | Found a runed translucent gate.
 33162 | Spider:2 | Noticed Daghilat's ghost (adept MiBe)
 33445 | Spider:2 | Reached XP level 17. HP: 100/133 MP: 0/32
 33533 | Spider:2 | Noticed Louise
 33543 | Spider:2 | Killed Louise
 34474 | Spider:2 | Identified a scroll of acquirement
 34476 | Spider:2 | Got the ring of Futtad {Wiz rF+ rC+ Dex-2}
 35642 | Spider:4 | Entered Level 4 of the Spider Nest
 36286 | Spider:4 | Reached skill level 10 in Conjurations
 36286 | Spider:4 | Reached skill level 10 in Hexes
 36286 | Spider:4 | Reached skill level 10 in Charms
 36286 | Spider:4 | Reached skill level 10 in Summonings
 36286 | Spider:4 | Reached skill level 10 in Necromancy
 36286 | Spider:4 | Reached skill level 10 in Translocations
 36286 | Spider:4 | Reached skill level 10 in Transmutations
 36286 | Spider:4 | Reached skill level 10 in Fire Magic
 36286 | Spider:4 | Reached skill level 10 in Ice Magic
 36286 | Spider:4 | Reached skill level 10 in Air Magic
 36286 | Spider:4 | Reached skill level 10 in Earth Magic
 36286 | Spider:4 | Reached skill level 10 in Poison Magic
 36420 | Spider:4 | Reached XP level 18. HP: 141/141 MP: 22/33
 37017 | Spider:4 | Got a gossamer rune of Zot
 37409 | Vaults:1 | Entered Level 1 of the Vaults
 37654 | D:7      | Identified Sif Muna's Incunabulum of Lightness
 38019 | Spider:2 | Killed Daghilat's ghost
 38045 | Spider:2 | Got the Compendium of Summoning
 39464 | Vaults:1 | Found Pixt's Food Shop.
 40644 | Vaults:2 | Reached XP level 19. HP: 149/149 MP: 35/35
 40805 | Vaults:2 | Found a staircase to the Crypt.
 41543 | Vaults:2 | Found Qagoj's Jewellery Shoppe.
 41553 | Vaults:2 | Bought the amulet of the Four Winds {rN+ MR+++ Clar} for
                  | 921 gold pieces
 41553 | Vaults:2 | Found the amulet of the Four Winds {rN+ MR+++ Clar}
 41685 | Vaults:3 | Noticed Xtahua
 41694 | Vaults:3 | Killed Xtahua
 41694 | Vaults:3 | Reached skill level 15 in Unarmed Combat
 41809 | Vaults:3 | Noticed Saint Roka
 41826 | Vaults:3 | Killed Saint Roka
 41986 | Vaults:3 | Noticed Mennas
 42006 | Vaults:3 | Killed Mennas
 42495 | Vaults:3 | Reached XP level 20. HP: 132/157 MP: 9/36
 43730 | Vaults:4 | Noticed Sojobo
 43750 | Vaults:4 | Killed Sojobo
 44029 | Vaults:4 | Reached skill level 15 in Stealth
 44921 | Vaults:4 | Reached XP level 21. HP: 165/165 MP: 30/38
 45447 | Vaults:4 | Found Izaps's Assorted Antiques.
 45455 | Vaults:4 | Bought a scroll of teleportation for 90 gold pieces
 45455 | Vaults:4 | Bought a scroll of fog for 60 gold pieces
 45455 | Vaults:4 | Bought an embroidered hat for 210 gold pieces
 45455 | Vaults:4 | Bought a potion of might for 120 gold pieces
 46934 | Swamp:2  | Identified Roxanne's Handbook of Clay
 46934 | Swamp:2  | Noticed Roxanne
 46946 | Swamp:2  | Killed Roxanne
 47789 | Swamp:3  | Noticed Aizul
 47815 | Swamp:3  | Killed Aizul
 48220 | Swamp:4  | Entered Level 4 of the Swamp
 48343 | Swamp:4  | Reached skill level 15 in Invocations
 49144 | Swamp:4  | Noticed the 27-headed Lernaean hydra
 49335 | Swamp:4  | Killed the 27-headed Lernaean hydra
 49508 | Swamp:4  | Got a decaying rune of Zot
 50024 | Elf:1    | Entered Level 1 of the Elven Halls
 50042 | Elf:1    | Reached XP level 22. HP: 173/173 MP: 27/40
 50131 | Elf:1    | Identified the Volume of Conjuration
 50242 | Elf:1    | Found Cikebilu's Armour Emporium.
 50250 | Elf:1    | Bought the +0 helmet of Dyspraxia {rCorr Dex+2 Slay+5} for
                  | 465 gold pieces
 50566 | Elf:1    | You fall into a shaft and drop 1 floor!
 51224 | Elf:2    | Found a runed translucent gate.
 51224 | Elf:2    | Found a runed translucent gate.
 51237 | Elf:2    | Found a runed translucent gate.
 51903 | Elf:3    | Entered Level 3 of the Elven Halls
 52125 | Elf:3    | Reached skill level 15 in Fighting
 52125 | Elf:3    | Reached skill level 15 in Short Blades
 52125 | Elf:3    | Reached skill level 15 in Throwing
 52351 | Elf:3    | Identified the cursed +1 scale mail of Cefa Hyph {rC+ SInv}
 52607 | Elf:3    | Identified the ring "Caffy" {MR- Str+3 Int+4 Stlth-}
 52615 | Elf:3    | Identified the +11 trident of Iconoclasm {freeze, Str+2}
 52688 | Elf:3    | Identified the ring "Nimac" {Ice rPois MR+ Str-2}
 52778 | Elf:3    | Identified the cursed +1 scale mail of Uchyp {rF+ Slay+2}
 53044 | Elf:3    | Identified the Incunabulum of Mutagenic Good Luck
 53049 | Elf:3    | Identified the Grimoire of Conjuration
 53489 | Depths:1 | Reached XP level 23. HP: 181/181 MP: 10/41
 53961 | Depths:1 | Found a runed translucent gate.
 53961 | Depths:1 | Found a runed translucent gate.
 53961 | Depths:1 | Found a runed translucent gate.
 53990 | Depths:1 | Found a gateway to Hell.
 54241 | Depths:1 | Reached skill level 15 in Dodging
 54631 | Depths:2 | Found Haahary's Antique Armour Shop.
 54849 | Depths:2 | Reached skill level 15 in Long Blades
 54849 | Depths:2 | Reached skill level 15 in Axes
 54849 | Depths:2 | Reached skill level 15 in Maces & Flails
 54849 | Depths:2 | Reached skill level 15 in Polearms
 54849 | Depths:2 | Reached skill level 15 in Staves
 54849 | Depths:2 | Reached skill level 15 in Slings
 54849 | Depths:2 | Reached skill level 15 in Bows
 54849 | Depths:2 | Reached skill level 15 in Crossbows
 54849 | Depths:2 | Reached skill level 15 in Armour
 54849 | Depths:2 | Reached skill level 15 in Shields
 54849 | Depths:2 | Reached skill level 15 in Spellcasting
 54849 | Depths:2 | Reached skill level 15 in Evocations
 55031 | Depths:2 | Noticed a caustic shrike
 55038 | Depths:2 | Killed a caustic shrike
 55124 | Depths:2 | Noticed a golden dragon
 55125 | Depths:2 | Noticed a juggernaut
 55144 | Depths:2 | Killed a juggernaut
 55148 | Depths:2 | Killed a golden dragon
 56006 | Depths:3 | Noticed a golden dragon
 56009 | Depths:3 | Noticed a golden dragon
 56014 | Depths:3 | Killed a golden dragon
 56014 | Depths:3 | Reached XP level 24. HP: 190/190 MP: 25/42
 56131 | Depths:3 | Found a runed translucent door.
 56217 | Depths:3 | Found a runed translucent door.
 56217 | Depths:3 | Found a runed translucent door.
 56248 | Depths:3 | Found a one-way gate leading to the halls of Pandemonium.
 56291 | Depths:3 | Identified Genumnim's Almanac of Quantum Boosts
 56536 | Depths:3 | Found Dostriubo's Antique Armour Emporium.
 56710 | Depths:3 | Found Orejuihoj's Food Shoppe.
 56810 | Depths:3 | Found Wiuzukoi's General Store.
 56829 | Depths:3 | Bought a scroll of fear for 56 gold pieces
 56829 | Depths:3 | Bought a scroll of teleportation for 48 gold pieces
 57131 | Depths:3 | Learned a level 7 spell: Spellforged Servitor
 57438 | Depths:4 | Found Gozag's Antique Armour Shoppe.
 57445 | Depths:4 | Found an opulent altar of Gozag.
 57445 | Depths:4 | Found Gozag's Antique Weapon Emporium.
 57447 | Depths:4 | Found Gozag's Assorted Antiques.
 57480 | Depths:4 | Identified the +7 falchion of Qutyubui {drain, rF++}
 57919 | Depths:4 | Identified the amulet of Oenomania {Faith *Slow rElec
                  | Str+7}
 58432 | Depths:5 | Entered Level 5 of the Depths
 58858 | Depths:4 | Learned a level 7 spell: Malign Gateway
 59015 | Depths:5 | Noticed the Enchantress
 59049 | Depths:5 | Found a corrupted altar of Lugonu.
 59422 | Depths:5 | Reached XP level 25. HP: 197/197 MP: 23/42
 59432 | Depths:5 | Killed the Enchantress
 59826 | Depths:5 | Found a gateway to a ziggurat.
 59993 | Depths:5 | Found the +12 Vampire's Tooth {vamp}
 60017 | Depths:5 | Found a gate to the Realm of Zot.
 60326 | Vaults:1 | Learned a level 5 spell: Summon Forest
 60747 | Lair:6   | Found a staircase to the Slime Pits.
 61065 | Lair:6   | Found a runed translucent door.
 61972 | Slime:1  | Entered Level 1 of the Pits of Slime
 62341 | Slime:3  | Gained mutation: Your magical capacity is low. (-10% MP) [a
                  | shining eye]
 62343 | Slime:2  | Gained mutation: You are occasionally teleported next to
                  | monsters. [a shining eye]
 62344 | Slime:2  | Gained mutation: You tend to lose your temper in combat. [a
                  | shining eye]
 62349 | Slime:2  | Lost mutation: Your magical capacity is low. (-10% MP)
                  | [potion of mutation]
 62349 | Slime:2  | Lost mutation: You tend to lose your temper in combat.
                  | [potion of mutation]
 62349 | Slime:2  | Lost mutation: You are occasionally teleported next to
                  | monsters. [potion of mutation]
 62349 | Slime:2  | Gained mutation: You are resistant to hostile enchantments.
                  | (MR+) [potion of mutation]
 62349 | Slime:2  | Gained mutation: Your flesh is cold resistant. (rC+)
                  | [potion of mutation]
 62349 | Slime:2  | Gained mutation: You occasionally shout uncontrollably at
                  | your foes. [potion of mutation]
 62349 | Slime:2  | Gained mutation: You expend magic power (3 MP) to
                  | strengthen your wands. [potion of mutation]
 62471 | Slime:2  | Gained mutation: You are frail. (-10% HP) [a shining eye]
 62473 | Slime:2  | Gained mutation: Your spells are a little easier to cast,
                  | but a little less powerful. [a shining eye]
 62702 | Slime:4  | Gained mutation: You are clumsy. (Dex -2) [a shining eye]
 62703 | Slime:4  | Lost mutation: Your flesh is cold resistant. (rC+) [a
                  | shining eye]
 62706 | Slime:4  | Gained mutation: You are very frail. (-20% HP) [a shining
                  | eye]
 62769 | Slime:5  | Entered Level 5 of the Pits of Slime
 62851 | Slime:5  | Lost mutation: You are clumsy. (Dex -2) [potion of
                  | mutation]
 62851 | Slime:5  | Lost mutation: You are resistant to hostile enchantments.
                  | (MR+) [potion of mutation]
 62851 | Slime:5  | Lost mutation: You occasionally shout uncontrollably at
                  | your foes. [potion of mutation]
 62851 | Slime:5  | Gained mutation: You have a pair of small horns on your
                  | head. [potion of mutation]
 62851 | Slime:5  | Gained mutation: Your magical capacity is low. (-10% MP)
                  | [potion of mutation]
 62851 | Slime:5  | Gained mutation: Your natural rate of healing is unusually
                  | fast. [potion of mutation]
 62852 | Slime:5  | Lost mutation: You have a pair of small horns on your head.
                  | [potion of mutation]
 62852 | Slime:5  | Lost mutation: Your magical capacity is low. (-10% MP)
                  | [potion of mutation]
 62852 | Slime:5  | Lost mutation: You are very frail. (-20% HP) [potion of
                  | mutation]
 62852 | Slime:5  | Lost mutation: You are frail. (-10% HP) [potion of
                  | mutation]
 62852 | Slime:5  | Gained mutation: Your muscles are strong. (Str +2) [potion
                  | of mutation]
 62852 | Slime:5  | Gained mutation: Your spells are easier to cast, but less
                  | powerful. [potion of mutation]
 62852 | Slime:5  | Lost mutation: Your spells are easier to cast, but less
                  | powerful. [potion of mutation]
 62885 | Slime:5  | Found a viscous altar of Jiyva.
 62888 | Slime:5  | Noticed the Royal Jelly
 62908 | Slime:5  | Killed the Royal Jelly
 62938 | Slime:5  | Found the +7 pair of quick blades "Gyre" and "Gimble"
                  | {protect}
 62959 | Slime:5  | Got a pitted platinum ring
 62960 | Slime:5  | Identified the ring of Pycvik {+Fly rPois rN+ Str-3 Dex+4}
                  | (You found it on level 5 of the Pits of Slime)
 62978 | Slime:5  | Reached XP level 26. HP: 207/207 MP: 40/43
 62985 | Slime:5  | Got a slimy rune of Zot
 62999 | Slime:5  | Identified the +1 halberd "Neym" {freeze, MP+9 Int+2} (You
                  | found it on level 5 of the Pits of Slime)
 63495 | Zot:1    | Entered Level 1 of the Realm of Zot
 63883 | Zot:2    | Paralysed by an eldritch tentacle for 4 turns
 64557 | Zot:2    | Noticed a juggernaut
 64571 | Zot:2    | Killed a juggernaut
 64751 | Zot:3    | Cast into level 2 of the Abyss (red draconian)
 64751 | Abyss:2  | Found a corrupted altar of Lugonu.
 64979 | Zot:3    | Escaped the Abyss
 65810 | Zot:3    | Noticed a Killer Klown
 65817 | Zot:3    | Killed a Killer Klown
 66139 | Zot:3    | Reached XP level 27. HP: 176/215 MP: 28/43
 66395 | Zot:3    | Learned a level 8 spell: Death's Door
 66603 | Zot:5    | Entered Level 5 of the Realm of Zot
 66701 | Zot:5    | Found a runed translucent door.
 66701 | Zot:5    | Noticed Dominolapin's ghost (legendary BaIE)
 67423 | Zot:5    | Noticed an ancient lich
 67431 | Zot:5    | Noticed an orb of fire
 67437 | Zot:5    | Noticed an orb of fire
 67440 | Zot:5    | Gained mutation: You occasionally shout uncontrollably at
                  | your foes. [an orb of fire]
 67442 | Zot:5    | Noticed an orb of fire
 67491 | Zot:5    | Gained mutation: Scrolls take you a little longer to read.
                  | [an orb of fire]
 67496 | Zot:5    | Gained mutation: You are frail. (-10% HP) [an orb of fire]
 67500 | Zot:5    | Killed an ancient lich
 67501 | Zot:5    | Gained mutation: You are very frail. (-20% HP) [an orb of
                  | fire]
 67510 | Zot:5    | Killed an orb of fire
 67511 | Zot:5    | Lost mutation: Your muscles are strong. (Str +2) [an orb of
                  | fire]
 67512 | Zot:5    | Lost mutation: Scrolls take you a little longer to read.
                  | [an orb of fire]
 67513 | Zot:5    | Gained mutation: You are dopey. (Int -2) [an orb of fire]
 67514 | Zot:5    | Gained mutation: Potions are less effective at restoring
                  | your health. [an orb of fire]
 67520 | Zot:5    | Noticed an orb of fire
 67522 | Zot:5    | Killed an orb of fire
 67525 | Zot:5    | Gained mutation: You are very dopey. (Int -4) [an orb of
                  | fire]
 67527 | Zot:5    | Gained mutation: You tend to lose your temper in combat.
                  | [an orb of fire]
 67527 | Zot:5    | Gained mutation: Your magical capacity is low. (-10% MP)
                  | [an orb of fire]
 67532 | Zot:5    | Killed an orb of fire
 67533 | Zot:5    | Killed from afar by an orb of fire

Illustrated notes

Levels and vault maps discovered:
D:1:      dpeg_arrival_tiny_a, layout_basic
D:2:      layout_basic, hex_tiny, uniq_jessica, uniq_terence
D:3:      layout_basic, lemuel_crystal_altar, gup_sewer_entry_pipe,
          nemelex_diamond_rough_becter
D:4:      layout_gridville, lemuel_round_altar, uniq_duvessa
D:5:      layout_basic, bloody_trog, kennysheep_okawaru_gauntlet, first_ration
D:6:      layout_layer_cave, lemuel_doored_altar, gammafunk_ghost_mausoleum,
          minmay_between
D:7:      layout_cave_pools, led_sif_book, minitemple,
          minmay_temple_entry_large_hall, the_bakery, kennysheep_generic_room_4,
          uniq_maggie
D:8:      layout_gridville, eat_drink_and_be_merry_uskayaw, uniq_grum
D:9:      layout_stronghold, grunt_tough_drop
D:10:     layout_rooms, erik_lair_island, enter_trove_0
D:11:     layout_cave_pools, kennysheep_orc_monster_closet_entryway,
          kennysheep_doodads
D:12:     layout_loops_ring, portal_ice_cave_rime, nicolae_tso_carved_into_rock
D:13:     layout_basic, special_room [special_room_orc],
          ebering_ghost_inner_flame
D:14:     layout_loops_corners, skrybe_vaults_entry_preservation,
          minmay_splitting_lines, bh_hangedman_babel_library, uniq_agnes
D:15:     grunt_enter_depths_snipers, layout_loops_ring, minmay_misc_feat_tiny
Lair:1:   minmay_lair_oklob_tunnel, layout_loops_ring,
          gammafunk_ghost_necromancy, grunt_megastairs_5, serial_bayou_shore_b,
          uniq_sonja, uniq_gastronok
Lair:2:   layout_cave_pods, minmay_swamp_entry_reptiles,
          nicolae_volcano_entry_two_sided, gammafunk_ghost_necromancy
Lair:3:   layout_cave_pods, chequers_serial_rivers_small_a,
          minmay_lair_oklob_bushes
Lair:4:   layout_cave_pods, nicolae_spider_entry_non_spiders,
          nicolae_quartered_pool_medium, grunt_megastairs_1
Lair:5:   layout_gridlike, infiniplex_staircase_pool
Lair:6:   hangedman_lair_tendril_chambers, layout_gridlike, wormcave,
          minmay_slime_entry_oklob_enclosed, minmay_lair_drake_nest
Swamp:1:  layout_falls_marsh, evilmike_swamp_ruin_rubble_1, swamp_pool4,
          hangedman_swamp_cone
Swamp:2:  layout_falls_marsh, nicolae_swamp_treefoil, uniq_roxanne
Swamp:3:  layout_falls_marsh, infiniplex_staircase_pool_2, uniq_aizul
Swamp:4:  swamp_old_school, layout_basic_swamp, swamp_pool2
Spider:1: layout_spider_delve, drop_trap
Spider:2: layout_spider_delve, gammafunk_ghost_split,
          nicolae_spider_ant_collections, uniq_nikola, uniq_louise
Spider:3: layout_spider_delve
Spider:4: grunt_spider_rune_parallel, drop_trap
Slime:1:  layout_caves
Slime:2:  cheibrodos_slime_lost_civilization_2, layout_caves
Slime:3:  layout_caves
Slime:4:  cheibrodos_slime_lost_civilization_1, layout_caves
Slime:5
Orc:1:    layout_caves
Orc:2:    st_orc_open, layout_caves, special_room, uniq_donald
Elf:1:    minmay_elf_arrival_circle, layout_onion_city, serial_shops,
          nicolae_shop_trees, minmay_elf_annihilation,
          nicolae_elf_glass_and_crystal_pillar_2, fountainhead
Elf:2:    layout_loops_cross, minmay_misc_feat_diagonals
Elf:3:    elf_hall_gauntlet_narrow, layout_geoelf_octagon
Vaults:1: nicolae_vaults_specimen_jars, hangedman_vaults_slice,
          nicolae_vaults_yaktaur_gun_rack, vaults_dpeg_diagonal,
          vaults_room_grid, v_misc_3, nicolae_vaults_windows_and_doors_thing,
          layout_vaults_big_room, serial_shops, shop
Vaults:2: ontoclasm_vaults_fault, nicolae_vaults_display_case,
          ontoclasm_vaults_claustrophobia, minmay_crypt_entry_simple_corners,
          v_rooms_2, vaults_mumra_minichess_inversion, v_misc_5,
          vaults_room_stairs_pillars, layout_vaults_quadrants, serial_shops,
          shop
Vaults:3: ontoclasm_vaults_ring_square, nicolae_vaults_network_quinsquares
          [nicolae_vaults_network_quincunx_subvault,
          nicolae_vaults_network_quincunx_subvault,
          nicolae_vaults_network_quincunx_subvault,
          nicolae_vaults_network_quincunx_subvault], v_alt_pattern_6,
          vaults_mumra_bighexcomb, ontoclasm_vaults_misaligned,
          vaults_room_door_ring, v_misc_5, vaults_mumra_lcd,
          dpeg_vaults_monster_box, hangedman_vaults_maws,
          hangedman_vaults_corner_blocks, hangedman_vaults_restitches,
          vaults_room_grid, vaults_dpeg_encased_lava, layout_vaults_omnibox,
          uniq_xtahua, uniq_saint_roka, uniq_mennas
Vaults:4: v_pattern_3, grunt_vaults_focal, vaults_room_hallway,
          hangedman_vaults_impose, nicolae_vaults_ninety_degrees,
          v_alt_pattern_3, ontoclasm_vaults_gallery, ontoclasm_vaults_gateway,
          grunt_vaults_funnel, vaults_room_mumra_shop_pool, v_misc_29,
          nicolae_vaults_mini_display_case, vaults_mumra_chevron_long,
          ontoclasm_vaults_chip, nicolae_vaults_little_squares_6,
          layout_vaults_ring, uniq_sojobo
Depths:1: layout_gridlike, kennysheep_crisscross, abyss_entry,
          mu_enter_wizlab_4, grunt_hell_entry_dis_mu, interstate_on_off,
          serial_sigils_hangedman_scratch, pandoras_box_mu, serial_bayou_shore_b
Depths:2: minmay_nine_rooms, layout_cave_pools, minmay_misc_feat_chi,
          serial_shops, kennysheep_little_box, abyss_entry,
          pf_hell_entry_great_geh, minmay_staircase_bubble,
          serial_bayou_shore_a, firewood_loft
Depths:3: minmay_the_grid_four_pointed_star
          [minmay_the_grid_triangle_9x9_limited_checkers,
          minmay_the_grid_triangle_9x9_tough_junction,
          minmay_the_grid_triangle_9x9_subtriangle,
          minmay_the_grid_triangle_9x9_warning,
          minmay_the_grid_prize_four_corners], layout_cave_pools,
          hangedman_decor_slide_cut, pan_entry, serial_shops,
          nicolae_shop_waterfront, kennysheep_mini,
          nicolae_shop_window_shopping, abyss_entry_small_statue_room,
          grunt_metal_band, minmay_misc_feat_five
Depths:4: kennysheep_gozag_temple, layout_gridlike,
          serial_sigils_hangedman_shear, abyss_entry, hell_entry,
          horrible_house_mu
Depths:5: evilmike_zot_entry_basic, layout_cave_shapes, enter_ziggurat_c,
          grunt_decor_one_mirror, abyss_entry_flame_altar, hellmouth_1,
          minmay_guarded_unrand_vampires_tooth, uniq_enchantress
Zot:1:    layout_onion_interference
Zot:2:    ebering_greatest_show_in_zot, layout_onion
Zot:3:    lemuel_acid_trip, layout_onion_interference
Zot:4:    layout_misc_corridors, zot_minivault_1
Zot:5:    layout_basic, ebering_ghost_inner_flame,
          hangedman_zot_decor_checkerboard

Skill      XL: |  1  2  3  4  5  6  7  8  9 10 11 12 13 14 15 16 17 18 19 20 21 22 23 24 25 26 27 |
---------------+----------------------------------------------------------------------------------+-----
Invocations    | 1 2 3 4 5 6 7 8 9 10 11 12 13 14 15 16 17 18 | 18.6
Long Blades    | 1 2 3 4 5 6 7 8 9 10 11 12 13 14 15 16 17 | 17.3
Axes           | 1 2 3 4 5 6 7 8 9 10 11 12 13 14 15 16 17 | 17.3
Maces & Flails | 1 2 3 4 5 6 7 8 9 10 11 12 13 14 15 16 17 | 17.3
Polearms       | 1 2 3 4 5 6 7 8 9 10 11 12 13 14 15 16 17 | 17.3
Staves         | 1 2 3 4 5 6 7 8 9 10 11 12 13 14 15 16 17 | 17.3
Slings         | 1 2 3 4 5 6 7 8 9 10 11 12 13 14 15 16 17 | 17.3
Bows           | 1 2 3 4 5 6 7 8 9 10 11 12 13 14 15 16 17 | 17.3
Crossbows      | 1 2 3 4 5 6 7 8 9 10 11 12 13 14 15 16 17 | 17.3
Armour         | 1 2 3 4 5 6 7 8 9 10 11 12 13 14 15 16 17 | 17.3
Shields        | 1 2 3 4 5 6 7 8 9 10 11 12 13 14 15 16 17 | 17.3
Unarmed Combat | 1 2 3 4 5 6 7 8 10 11 12 14 15 16 17 18 | 18.9
Spellcasting   | 1 2 3 4 5 6 7 8 9 10 11 12 13 14 15 16 17 | 17.3
Evocations     | 1 2 3 4 5 6 7 8 9 10 11 12 13 14 15 16 17 | 17.3
Conjurations   | 1 2 3 4 5 6 7 8 9 10 11 12 13 14 | 14.9
Hexes          | 1 2 3 4 5 6 7 8 9 10 11 12 13 14 | 14.9
Charms         | 1 2 3 4 5 6 7 8 9 10 11 12 13 14 | 14.9
Summonings     | 1 2 3 4 5 6 7 8 9 10 11 12 13 14 | 14.9
Necromancy     | 1 2 3 4 5 6 7 8 9 10 11 12 13 14 | 14.9
Translocations | 1 2 3 4 5 6 7 8 9 10 11 12 13 14 | 14.9
Transmutations | 1 2 3 4 5 6 7 8 9 10 11 12 13 14 | 14.9
Fire Magic     | 1 2 3 4 5 6 7 8 9 10 11 12 13 14 | 14.9
Ice Magic      | 1 2 3 4 5 6 7 8 9 10 11 12 13 14 | 14.9
Air Magic      | 1 2 3 4 5 6 7 8 9 10 11 12 13 14 | 14.9
Earth Magic    | 1 2 3 4 5 6 7 8 9 10 11 12 13 14 | 14.9
Poison Magic   | 1 2 3 4 5 6 7 8 9 10 11 12 13 14 | 14.9
Dodging        | 3 4 5 6 7 8 9 10 11 12 13 14 15 16 17 | 17.4
Stealth        | 8 9 10 11 12 13 14 15 16 17 18 | 18.5
Fighting       | 5 6 7 8 9 10 11 12 13 14 15 16 17 | 17.7
Short Blades   | 5 6 7 8 9 10 11 12 13 14 15 16 17 | 17.7
Throwing       | 5 6 7 8 9 10 11 12 13 14 15 16 17 | 17.7

Action                   |  1- 3 |  4- 6 |  7- 9 | 10-12 | 13-15 | 16-18 | 19-21 | 22-24 | 25-27 || total
-------------------------+-------+-------+-------+-------+-------+-------+-------+-------+-------++-------
Melee: Dagger            |   181 |   234 |    43 |       |       |       |       |       |       ||   458
       Bite              |    20 |    22 |    34 |    57 |   225 |   171 |   187 |   225 |   204 ||  1145
       Punch             |     2 |     1 |     9 |    16 |    18 |       |       |       |       ||    46
       Trident           |       |       |   296 |   238 |       |       |       |       |       ||   534
       Staff             |       |       |       |   239 |  1276 |   938 |  1057 |  1096 |  1112 ||  5718
Throw: Dart              |     9 |    14 |    68 |    61 |    10 |       |       |       |       ||   162
       Throwing net      |       |       |     4 |     5 |       |       |       |       |       ||     9
 Cast: Olgreb's Toxic Ra |       |       |       |       |    23 |   129 |    92 |    96 |    14 ||   354
       Ignite Poison     |       |       |       |       |    20 |    47 |    49 |    46 |     8 ||   170
       Apportation       |       |       |       |       |     1 |     3 |       |       |       ||     4
       Statue Form       |       |       |       |       |       |    47 |    80 |    93 |    67 ||   287
       Ice Form          |       |       |       |       |       |     1 |       |       |       ||     1
       Iron Shot         |       |       |       |       |       |     2 |    25 |    26 |    12 ||    65
       Freezing Cloud    |       |       |       |       |       |    10 |    22 |     8 |     2 ||    42
       Malign Gateway    |       |       |       |       |       |       |       |     5 |    27 ||    32
       Spellforged Servi |       |       |       |       |       |       |       |     3 |     1 ||     4
       Summon Forest     |       |       |       |       |       |       |       |       |     7 ||     7
       Death's Door      |       |       |       |       |       |       |       |       |     1 ||     1
Evoke: Wand              |       |       |       |    18 |    18 |     1 |       |     1 |    11 ||    49
       Box of beasts     |       |       |       |     3 |     2 |       |       |       |       ||     5
  Use: Scroll            |       |     4 |     2 |    15 |    15 |    15 |    15 |     8 |    15 ||    89
       Potion            |       |     1 |       |     3 |     8 |     3 |     2 |     2 |     7 ||    26
 Stab: Sleeping          |     1 |       |     4 |     2 |    12 |    12 |     8 |    16 |    11 ||    66
       Invisible         |       |     4 |       |       |       |       |       |       |       ||     4
       Held in net/web   |       |       |       |     2 |       |       |       |       |       ||     2
       Distracted        |       |       |       |       |     4 |     2 |       |     4 |    11 ||    21
  Eat: Chunk             |     2 |     7 |    12 |    22 |    40 |    40 |    54 |    42 |    22 ||   241
       Ration            |       |       |     2 |     6 |     3 |     8 |     8 |    10 |    12 ||    49
Armor: Robe              |     1 |       |       |       |       |       |       |       |       ||     1
       Chain mail        |    40 |   106 |   131 |   201 |   365 |       |       |       |       ||   843
       Leather armour    |       |       |       |       |    71 |   109 |     8 |     3 |    13 ||   204
       Skin              |       |       |       |       |       |   400 |   636 |   479 |   454 ||  1969
Dodge: Dodged            |    38 |    92 |   163 |   197 |   549 |   835 |  1260 |   835 |   895 ||  4864
Block: Buckler           |       |       |       |       |   156 |   358 |   276 |       |       ||   790
       Kite shield       |       |       |       |       |   222 |       |   492 |  1152 |  1167 ||  3033
       Reflection        |       |       |       |       |    11 |       |     9 |    69 |    23 ||   112
